 Dungeon Crawl Stone Soup version 0.27-a0-887-gcab673c142 (webtiles) character file.

Game seed: 16810826560398080383

101 Lanoc the Skirmisher (level 4, 0/41 HPs)
             Began as a Minotaur Brigand on Apr 4, 2021.
             Was an Initiate of Dithmenos.
             Splashed by a jelly's acid (8 damage)
             ... on level 4 of the Dungeon.
             The game lasted 00:02:52 (2204 turns).

Lanoc the Skirmisher (Minotaur Brigand)             Turns: 2204, Time: 00:02:53

Health: 0/41       AC: -5    Str: 15    XL:     4   Next: 48%
Magic:  3/3        EV: 13    Int:  8    God:    Dithmenos [......]
Gold:   42         SH:  0    Dex: 13    Spells: 3/3 levels left

rFire    . . .     SeeInvis +   a - +2 dagger
rCold    . . .     Faith    .   (no shield)
rNeg     . . .     Spirit   .   b - +0 robe
rPois    .         Reflect  .   (helmet restricted)
rElec    .         Harm     .   c - +0 cloak
rCorr    .         Rampage  .   (no gloves)
Will     .....                  (no boots)
Stlth    ++........             (no amulet)
HPRegen  0.13/turn              k - ring of see invisible
MPRegen  0.08/turn              (no ring)

@: corroded
A: horns 2, retaliatory headbutt
a: Renounce Religion


You were on level 4 of the Dungeon.
You worshipped Dithmenos.
Dithmenos was noncommittal.
You visited 2 branches of the dungeon, and saw 7 of its levels.

You collected 42 gold pieces.

Inventory:

Hand Weapons
 a - a +2 dagger (weapon)
Missiles
 d - 23 poisoned darts (quivered)
 e - 2 curare-tipped darts
Armour
 b - a +0 robe (worn)
 c - a +0 cloak (worn)
Jewellery
 k - a ring of see invisible (left hand)
Scrolls
 h - a scroll of immolation {unknown}
 i - a scroll of summoning {unknown}
 j - 4 scrolls of identify {unknown}
 l - 2 scrolls of vulnerability {unknown}
 m - a scroll of amnesia {unknown}
 n - a scroll of brand weapon {unknown}
 o - a scroll of silence {unknown}
 p - a scroll of magic mapping {unknown}
Potions
 f - 2 potions of invisibility {unknown}
 g - a potion of mutation {unknown}
 q - a potion of degeneration {unknown}


   Skills:
 + Level 4.4 Fighting
 - Level 2.1 Short Blades
 - Level 2.0 Throwing
 + Level 3.4 Dodging
 - Level 3.2 Stealth


You had 3 spell levels left.
You didn't know any spells.
Your spell library was empty.

Dungeon Overview and Level Annotations

Branches:
Dungeon (6/15)             Temple (1/1) D:5

Altars:
Ashenzari
Cheibriados
Dithmenos
Elyvilon
Fedhas
Hepliaklqana
Makhleb
Nemelex Xobeh
Okawaru
Qazlal
Sif Muna
Trog
Uskayaw
Wu Jian
Xom
Zin

Annotations:
D:6 Grinder


Innate Abilities, Weirdness & Mutations

You have a pair of horns on your head.
You reflexively headbutt those who attack you in melee.


Message History

Found 18 arrows, a trident and 12 gold pieces.
There is a stone staircase leading down here.
A howler monkey comes into view.
Found a scroll labelled DOANLY SOAMP.
No target in view!
A howler monkey is nearby!
The howler monkey howls!
The howler monkey hits you.
You see here a +0 trident.
You closely miss the howler monkey. You headbutt the howler monkey!
The howler monkey is moderately wounded.
The howler monkey barely misses you. The howler monkey hits you.
You barely miss the howler monkey. You headbutt the howler monkey.
The howler monkey is heavily wounded.
You barely miss the howler monkey. You headbutt the howler monkey!
The howler monkey is almost dead.
The howler monkey closely misses you.
You hit the howler monkey.
You kill the howler monkey!
Dithmenos accepts your kill.
You have reached level 4!
You feel agile.
A jelly comes into view.
The jelly quivers.
An orc wizard comes into view. It is wielding a +0 dagger.
The jelly hits you.
You are splashed with acid!
You are too injured to fight recklessly!
You are too injured to fight recklessly!
You hit the jelly. The acid corrodes you!
Your hands burn!
The jelly is moderately wounded.
The jelly closely misses you.
You hit the jelly but do no damage.
Your hands burn!
* * * LOW HITPOINT WARNING * * *
You headbutt the jelly, but do no damage.
The jelly is moderately wounded.
The jelly hits you.
* * * LOW HITPOINT WARNING * * *
The acid corrodes you!
You are splashed with acid!
You die...
Xom snickers!

#...................
#....?..............
#...................
#...................
#......)............
#.......†.#.##...###
#.........#.........
#..........>........
#......@......(.....
###....J............
#.........##......
#.........# ......
#.........# ..##..
#...$..........# ..
#.............
#...o.........


You could see a jelly and an orc wizard (asleep).

Vanquished Creatures
  A howler monkey (D:4)
  A howler monkey zombie (D:5)
  An ufetubus (D:5)
  A dart slug (D:1)
  3 endoplasms (D:1)
  A giant cockroach (D:1)
  4 goblins
  5 hobgoblins
  8 jackals
  3 kobolds (D:2)
  2 quokkas (D:1)
  3 bats
  A frilled lizard (D:1)
  5 rats
39 creatures vanquished.

Notes
Turn   | Place    | Note
-------+----------+-------------------------------------------
     0 | D:1      | Lanoc the Minotaur Brigand began the quest for the Orb.
     0 | D:1      | Reached XP level 1. HP: 18/18 MP: 0/0
   356 | D:1      | Reached skill level 3 in Fighting
   356 | D:1      | Reached XP level 2. HP: 23/26 MP: 1/1
   898 | D:1      | Found a faded altar of an unknown god.
  1186 | D:1      | Became a worshipper of Trog the Wrathful
  1186 | D:1      | Reached * piety under Trog
  1243 | D:2      | Reached XP level 3. HP: 31/31 MP: 2/2
  1339 | D:2      | Found a shimmering altar of Xom.
  1376 | D:2      | Fell from the grace of Trog
  1376 | D:2      | Became a worshipper of Xom the Less-Predictable
  1436 | D:2      | XOM: silly message
  1817 | D:3      | You fall into a shaft and drop 3 floors!
  1817 | D:6      | Noticed Grinder
  1818 | D:6      | Noticed a sky beast
  1832 | D:6      | Noticed a necrophage
  1836 | D:6      | XOM: potion effect (invisibility)
  1837 | D:5      | Entered Level 5 of the Dungeon
  1891 | D:5      | Found a staircase to the Ecumenical Temple.
  1897 | Temple   | Entered the Ecumenical Temple
  2114 | Temple   | Fell from the grace of Xom
  2114 | Temple   | Became a worshipper of Dithmenos the Shadowed
  2151 | D:5      | Reached skill level 4 in Fighting
  2182 | D:4      | Reached XP level 4. HP: 28/41 MP: 3/3
  2204 | D:4      | Splashed by a jelly's acid

Illustrated notes

Levels and vault maps discovered:
D:1:      erik_arrival_triangle_small, layout_rooms,
          shapermc_ecumenical_altar_flowoftime, serial_forest,
          infiniplex_forest_clump_tiny, infiniplex_forest_clump_long,
          infiniplex_forest_fountain, infiniplex_forest_clump_small,
          infiniplex_forest_clump_small, infiniplex_forest_straight_2
D:2:      layout_basic, basic_altar
D:3:      layout_basic, serial_corexii_hall, chequers_hall_statues_wall_a,
          corexii_hall_statues_l, chequers_hall_statues_y,
          corexii_hall_statues_i, hangedman_decor_push, minmay_starry_boxes
D:4:      layout_basic, serial_shops, shop, minmay_tree_intersection,
          uniq_duvessa, uniq_edmund, uniq_crazy_yiuf_cottage, uniq_pikel
D:5:      layout_basic, nicolae_vehumet_altar_sigil,
          minmay_temple_entry_enclosed_plants, serial_shops, shop
D:6:      layout_loops_ring, kiku_gazebo_garden_becter, grunt_ministairs_11,
          eino_small_chamber_without_monster, minmay_alternating_orb,
          uniq_grinder, uniq_blork_the_orc, uniq_menkaure
Temple:   eino_temple_rhombus

Skill      XL: |  1  2  3 |
---------------+----------+-----
Fighting       | 3 4 |  4.4
Dodging        | 2 3 |  3.4
Short Blades   | |  2.1
Throwing       | |  2.0
Stealth        | |  3.2

Action                   |  1- 3 |  4- 6 || total
-------------------------+-------+-------++-------
Melee: Dagger            |    96 |     2 ||    98
       Headbutt          |    15 |     1 ||    16
 Stab: Sleeping          |     4 |       ||     4
Armor: Robe              |    13 |       ||    13
Dodge: Dodged            |    56 |     1 ||    57

Table legend: (Time is in decaauts)
 A = Elapsed time spent in this place.
 B = Non-inter-level travel time spent in this place.
 C = Inter-level travel time spent in this place.
 D = Time resting spent in this place.
 E = Time spent auto-exploring this place.
 F = Levels seen in this place.
 G = Mean time per level.
                   A        B        C        D        E       F      G
               +--------+--------+--------+--------+--------+-----+--------+
         Total |   2192 |   2098 |     94 |      0 |   1831 |   7 |  313.1 |
       Dungeon |   1958 |   1908 |     50 |      0 |   1645 |   6 |  326.3 |
        Temple |    233 |    189 |     44 |      0 |    186 |   1 |  233.0 |
               +--------+--------+--------+--------+--------+-----+--------+

Top non-repeatable levels by time:
     D:1: 1210 daAuts
     D:2: 547 daAuts
  Temple: 233 daAuts
     D:5: 82 daAuts
     D:3: 49 daAuts
     D:4: 49 daAuts
     D:6: 19 daAuts
